ORI
UNIVERSITY OF VIRGINIA CAVALIERS @ OREGON STATE UNIVERSITY BEAVERS
11/17/2049
 
TOP OF THE 1ST
University of Virginia Cavaliers batting - Pitching for Oregon State University Beavers : RHP Josh Palmquist
Pitching: RHP Josh Palmquist
Batting: RHB Luke Bertrand 0-0: Ball
1-0: Ball
2-0: DOUBLE (Groundball, 5L, EV 105.0 MPH)
Batting: LHB Ray Nichter 0-0: Ball
1-0: Ball
2-0: Ball
3-0: Called Strike
3-1: Foul Ball, location: 2F
3-2: Fly out, F7 (Flyball, 7D, EV 101.2 MPH)
Batting: RHB Jose Velez 0-0: Called Strike
0-1: Ball
1-1: Called Strike
1-2: Fly out, F7 (Flyball, 7LDF, EV 98.1 MPH)
Batting: RHB Rob Coble 0-0: Fly out, F8 (Flyball, 8LD, EV 96.2 MPH)
Top of the 1st over - 0 runs, 1 hit, 0 errors, 1 left on base; University of Virginia 0 - Oregon State University 0
BOTTOM OF THE 1ST
Oregon State University Beavers batting - Pitching for University of Virginia Cavaliers : RHP Tommy Koerner
Pitching: RHP Tommy Koerner
Batting: SHB Sosaia Apelahama 0-0: Ball
1-0: Called Strike
1-1: Ball
2-1: Ball
3-1: Ground out 6-3 (Groundball, 6S, EV 70.6 MPH)
Batting: LHB Pablo Fraga 0-0: Ball
1-0: Ball
2-0: Reached on error, E3 (Groundball, 34, EV 79.4 MPH)
Batting: RHB Steve Webb 0-0: Called Strike
0-1: DOUBLE (Groundball, 5L, EV 100.0 MPH)
Pablo Fraga to third
Runner from 3rd tries for Home, SAFE, no throw by LF
Batting: RHB Martin Darrington 0-0: Ball
1-0: Ball
2-0: Ball
3-0: Called Strike
3-1: Base on Balls
Batting: LHB Fred Bal 0-0: Ball
1-0: Fielders Choice at 2nd, 4-6 (Groundball, 4M, EV 90.0 MPH)
Steve Webb to third
Batting: RHB Israel Soto 0-0: Called Strike
0-1: Foul Ball, location: 2F
0-2: Ball
1-2: Ball
2-2: Ball
3-2: Base on Balls
Fred Bal to second
Batting: LHB Brock Darby 0-0: Called Strike
0-1: Ball
Wild Pitch!
Steve Webb scores
Fred Bal to third
Israel Soto to second
1-1: Foul Ball, location: 2F
1-2: Ground out 5-3 (Groundball, 56, EV 101.9 MPH)
Bottom of the 1st over - 2 runs, 1 hit, 1 error, 2 left on base; University of Virginia 0 - Oregon State University 2
TOP OF THE 2ND
University of Virginia Cavaliers batting - Pitching for Oregon State University Beavers : RHP Josh Palmquist
Batting: RHB Rob Price 0-0: DOUBLE (Line Drive, 7LD, EV 109.4 MPH)
Batting: RHB Allen McCaskill 0-0: Foul Ball, location: 2F
0-1: Swinging Strike
0-2: Strikes out swinging
Batting: SHB Ethan Lewis 0-0: Ground out 4-3 (Groundball, 4M, EV 106.2 MPH)
Rob Price to third
Batting: LHB Eddie Vidalez 0-0: Ball
1-0: Ball
2-0: Ball
3-0: Called Strike
3-1: Foul Ball, location: 2F
3-2: Ground out 6-3 (Groundball, 6MS, EV 81.9 MPH)
Top of the 2nd over - 0 runs, 1 hit, 0 errors, 1 left on base; University of Virginia 0 - Oregon State University 2
BOTTOM OF THE 2ND
Oregon State University Beavers batting - Pitching for University of Virginia Cavaliers : RHP Tommy Koerner
Batting: SHB Eric Robertson 0-0: Bunt for hit to P - play at first, batter OUT! 1-3
Batting: SHB Chris Gartner 0-0: Called Strike
0-1: Called Strike
0-2: Ball
1-2: Ball
2-2: Ball
3-2: DOUBLE (Groundball, 5L, EV 95.6 MPH)
Batting: SHB Sosaia Apelahama 0-0: Ball
1-0: Ball
2-0: Foul Ball, location: 2F
2-1: Ball
3-1: Ground out 3-1 (Groundball, 34S, EV 83.1 MPH)
Chris Gartner to third
Batting: LHB Pablo Fraga 0-0: Ball
1-0: Foul Ball, location: 2F
1-1: Swinging Strike
1-2: Ball
2-2: Ball
3-2: Foul Ball, location: 2F
3-2: Strikes out swinging
Bottom of the 2nd over - 0 runs, 1 hit, 0 errors, 1 left on base; University of Virginia 0 - Oregon State University 2
TOP OF THE 3RD
University of Virginia Cavaliers batting - Pitching for Oregon State University Beavers : RHP Josh Palmquist
Batting: RHB Dustin Medford 0-0: Called Strike
0-1: Ball
1-1: Swinging Strike
1-2: Foul Ball, location: 2F
1-2: Ball
2-2: Strikes out swinging
Batting: RHB Luke Bertrand 0-0: Called Strike
0-1: Ground out 5-3 (Groundball, 5L, EV 94.4 MPH)
Batting: LHB Ray Nichter 0-0: Ball
1-0: Ball
2-0: Foul Ball, location: 2F
2-1: Foul Ball, location: 2F
2-2: SOLO HOME RUN (Flyball, 89XD, EV 107.5 MPH), Distance : 425 ft
Batting: RHB Jose Velez 0-0: Called Strike
0-1: Ball
1-1: Ball
2-1: SINGLE (Groundball, 6D, EV 101.2 MPH)
Batting: RHB Rob Coble 0-0: Called Strike
Jose Velez is caught stealing 2nd base 2-4
Top of the 3rd over - 1 run, 2 hits, 0 errors, 0 left on base; University of Virginia 1 - Oregon State University 2
BOTTOM OF THE 3RD
Oregon State University Beavers batting - Pitching for University of Virginia Cavaliers : RHP Tommy Koerner
Batting: RHB Steve Webb 0-0: Fly out, F8 (Flyball, 8LM, EV 83.8 MPH)
Batting: RHB Martin Darrington 0-0: Foul Ball, location: 2F
0-1: Fly out, F8 (Flyball, 8LD, EV 104.4 MPH)
Batting: LHB Fred Bal 0-0: Called Strike
0-1: Ground out 1-3 (Groundball, 15S, EV 71.2 MPH)
Bottom of the 3rd over - 0 runs, 0 hits, 0 errors, 0 left on base; University of Virginia 1 - Oregon State University 2
TOP OF THE 4TH
University of Virginia Cavaliers batting - Pitching for Oregon State University Beavers : RHP Josh Palmquist
Batting: RHB Rob Coble 0-0: Called Strike
0-1: Ball
1-1: Foul Ball, location: 2F
1-2: Foul Ball, location: 2F
1-2: Ball
2-2: Ball
3-2: Ground out 5-3 (Groundball, 56, EV 80.0 MPH)
Batting: RHB Rob Price 0-0: Called Strike
0-1: Ball
1-1: Foul Ball, location: 2F
1-2: Ball
2-2: Strikes out swinging
Batting: RHB Allen McCaskill 0-0: Called Strike
0-1: Swinging Strike
0-2: Ball
1-2: Foul Ball, location: 2F
1-2: Ball
2-2: Foul Ball, location: 2F
2-2: Ground out 4-3 (Groundball, 4, EV 83.8 MPH)
Top of the 4th over - 0 runs, 0 hits, 0 errors, 0 left on base; University of Virginia 1 - Oregon State University 2
BOTTOM OF THE 4TH
Oregon State University Beavers batting - Pitching for University of Virginia Cavaliers : RHP Tommy Koerner
Batting: RHB Israel Soto 0-0: Called Strike
0-1: Ball
1-1: Ball
2-1: Ground out 4-3 (Groundball, 4, EV 103.1 MPH)
Batting: LHB Brock Darby 0-0: Fly out, F7 (Flyball, 7LM, EV 90.0 MPH)
Batting: SHB Eric Robertson 0-0: Called Strike
0-1: Swinging Strike
0-2: Ball
1-2: Fly out, F9 (Line Drive, 9, EV 95.0 MPH)
Bottom of the 4th over - 0 runs, 0 hits, 0 errors, 0 left on base; University of Virginia 1 - Oregon State University 2
TOP OF THE 5TH
University of Virginia Cavaliers batting - Pitching for Oregon State University Beavers : RHP Josh Palmquist
Batting: SHB Ethan Lewis 0-0: Called Strike
0-1: Ball
1-1: Ball
2-1: Ground out U3 (Groundball, 3L, EV 79.4 MPH)
Batting: LHB Eddie Vidalez 0-0: Called Strike
0-1: Ball
1-1: Foul Ball, location: 2F
1-2: Strikes out swinging
Batting: RHB Dustin Medford 0-0: Called Strike
0-1: Foul Ball, location: 2F
0-2: Ball
1-2: Foul Ball, location: 2F
1-2: Foul Ball, location: 2F
1-2: Ball
2-2: Ball
3-2: Reached on error, E3 (Groundball, 3S, EV 81.2 MPH)
Pitching: RHP Larry Dougan
Batting: RHB Luke Bertrand 0-0: Ball
1-0: Ball
2-0: Ball
3-0: Called Strike
3-1: Base on Balls
Dustin Medford to second
Batting: LHB Ray Nichter 0-0: Ball
1-0: Ball
2-0: Ground out 1-3 (Groundball, 13, EV 73.8 MPH)
Top of the 5th over - 0 runs, 0 hits, 1 error, 2 left on base; University of Virginia 1 - Oregon State University 2
BOTTOM OF THE 5TH
Oregon State University Beavers batting - Pitching for University of Virginia Cavaliers : RHP Tommy Koerner
Batting: SHB Chris Gartner 0-0: Ball
1-0: Called Strike
1-1: Called Strike
1-2: Ball
2-2: Strikes out swinging
Batting: SHB Sosaia Apelahama 0-0: Ball
1-0: Ball
2-0: Foul Ball, location: 2F
2-1: Ball
3-1: Base on Balls
Batting: LHB Pablo Fraga 0-0: Foul Ball, location: 2F
0-1: Foul Ball, location: 2F
0-2: Ball
1-2: Foul Ball, location: 2F
1-2: Ball
2-2: Foul Ball, location: 2F
2-2: Fly out, F6 (Popup, 6S, EV 74.4 MPH)
Pitching: RHP Jason Odle
Batting: RHB Steve Webb 0-0: Ball
1-0: Swinging Strike
1-1: Foul Ball, location: 2F
1-2: Strikes out swinging
Bottom of the 5th over - 0 runs, 0 hits, 0 errors, 1 left on base; University of Virginia 1 - Oregon State University 2
TOP OF THE 6TH
University of Virginia Cavaliers batting - Pitching for Oregon State University Beavers : RHP Larry Dougan
Batting: RHB Jose Velez 0-0: Called Strike
0-1: Ball
1-1: Ball
2-1: Swinging Strike
2-2: Ball
3-2: Strikes out swinging
Batting: RHB Rob Coble 0-0: Called Strike
0-1: Foul Ball, location: 2F
0-2: Strikes out swinging
Batting: RHB Rob Price 0-0: Swinging Strike
0-1: Ball
1-1: Foul Ball, location: 2F
1-2: Foul Ball, location: 2F
1-2: Ball
2-2: Strikes out swinging
Top of the 6th over - 0 runs, 0 hits, 0 errors, 0 left on base; University of Virginia 1 - Oregon State University 2
BOTTOM OF THE 6TH
Oregon State University Beavers batting - Pitching for University of Virginia Cavaliers : RHP Jason Odle
Batting: RHB Martin Darrington 0-0: Called Strike
0-1: Ball
1-1: Foul Ball, location: 2F
1-2: SINGLE (Groundball, 6M, EV 100.0 MPH) (infield hit)
Batting: LHB Fred Bal 0-0: Foul Ball, location: 2F
0-1: SINGLE (Groundball, 4M, EV 95.6 MPH)
Martin Darrington to second
Batting: RHB Israel Soto 0-0: Grounds into double play, 3-6-1 (Groundball, 34S, EV 82.5 MPH)
Martin Darrington to third
Batting: LHB Brock Darby 0-0: Ball
1-0: Called Strike
1-1: Foul Ball, location: 2F
1-2: Ball
2-2: Foul Ball, location: 2F
2-2: Fly out, F8 (Flyball, 89M, EV 90.0 MPH)
Bottom of the 6th over - 0 runs, 2 hits, 0 errors, 1 left on base; University of Virginia 1 - Oregon State University 2
TOP OF THE 7TH
University of Virginia Cavaliers batting - Pitching for Oregon State University Beavers : RHP Larry Dougan
Batting: RHB Allen McCaskill 0-0: Foul Ball, location: 2F
0-1: Swinging Strike
0-2: Foul Ball, location: 2F
0-2: Ball
1-2: Fly out, F7 (Flyball, 78D, EV 104.4 MPH)
Batting: SHB Ethan Lewis 0-0: TRIPLE (Flyball, 89XD, EV 104.4 MPH)
Batting: LHB Eddie Vidalez 0-0: Foul Ball, location: 2F
0-1: Ball
1-1: Ball
2-1: Ground out 4-3 (Groundball, 34, EV 85.6 MPH)
Batting: RHB Dustin Medford 0-0: Called Strike
0-1: Ball
1-1: Foul Ball, location: 2F
1-2: Ball
2-2: Foul Ball, location: 2F
2-2: Ball
3-2: Ground out 6-3 (Groundball, 6M, EV 86.9 MPH)
Top of the 7th over - 0 runs, 1 hit, 0 errors, 1 left on base; University of Virginia 1 - Oregon State University 2
BOTTOM OF THE 7TH
Oregon State University Beavers batting - Pitching for University of Virginia Cavaliers : RHP Jason Odle
Batting: SHB Eric Robertson 0-0: Reached on error, E3 (Groundball, 34, EV 90.0 MPH)
Batting: SHB Chris Gartner 0-0: Bunt missed!
0-1: Sac Bunt to 15 - play at first, batter OUT! 1-3
Eric Robertson to second
Batting: SHB Sosaia Apelahama 0-0: Foul Ball, location: 2F
0-1: Ball
1-1: Called Strike
1-2: Foul Ball, location: 2F
1-2: Ground out 4-3 (Groundball, 4S, EV 87.5 MPH)
Eric Robertson to third
Batting: LHB Pablo Fraga 0-0: Ground out U3 (Groundball, 34S, EV 80.0 MPH)
Bottom of the 7th over - 0 runs, 0 hits, 1 error, 1 left on base; University of Virginia 1 - Oregon State University 2
TOP OF THE 8TH
University of Virginia Cavaliers batting - Pitching for Oregon State University Beavers : RHP Larry Dougan
Pitching: RHP Bill Vadeboncoeur
Batting: RHB Luke Bertrand 0-0: Ball
1-0: Swinging Strike
1-1: Fly out, F9 (Flyball, 89D, EV 108.8 MPH)
Batting: LHB Ray Nichter 0-0: Foul Ball, location: 2F
0-1: SINGLE (Flyball, 8LS, EV 93.8 MPH)
Batting: RHB Jose Velez 0-0: Ball
1-0: Fly out, F8 (Flyball, 8LD, EV 95.6 MPH)
Batting: RHB Rob Coble 0-0: Foul Ball, location: 2F
0-1: Foul Ball, location: 2F
0-2: Foul Ball, location: 2F
0-2: Ball
1-2: Ball
2-2: DOUBLE (Line Drive, 9LS, EV 103.8 MPH)
Ray Nichter to third
Batting: RHB Leo Baxter 0-0: Swinging Strike
0-1: Ball
1-1: Foul Ball, location: 2F
1-2: Ball
2-2: Fly out, F8 (Line Drive, 8LM, EV 89.4 MPH)
Top of the 8th over - 0 runs, 2 hits, 0 errors, 2 left on base; University of Virginia 1 - Oregon State University 2
BOTTOM OF THE 8TH
Oregon State University Beavers batting - Pitching for University of Virginia Cavaliers : RHP Jason Odle
Batting: RHB Steve Webb 0-0: Foul Ball, location: 2F
0-1: Foul Ball, location: 2F
0-2: Foul Ball, location: 2F
0-2: Ball
1-2: Strikes out swinging
Batting: RHB Martin Darrington 0-0: Called Strike
0-1: Fly out, F9 (Flyball, 9S, EV 89.4 MPH)
Batting: LHB Fred Bal 0-0: Called Strike
0-1: Ball
1-1: SINGLE (Line Drive, 34, EV 106.2 MPH)
Batting: RHB Israel Soto 0-0: Called Strike
0-1: Fly out, F9 (Flyball, 89S, EV 87.5 MPH)
Bottom of the 8th over - 0 runs, 1 hit, 0 errors, 1 left on base; University of Virginia 1 - Oregon State University 2
TOP OF THE 9TH
University of Virginia Cavaliers batting - Pitching for Oregon State University Beavers : RHP Bill Vadeboncoeur
Pitching: LHP Yin-reng Deng
Now at 1B: Jason Trevarrow
Batting: RHB Allen McCaskill 0-0: Swinging Strike
0-1: Ball
1-1: Ball
2-1: Ball
3-1: Base on Balls
Batting: SHB Ethan Lewis 0-0: Ball
1-0: Bunted foul
1-1: Bunted foul
1-2: Ball
2-2: SINGLE (Groundball, 4MD, EV 98.8 MPH)
Allen McCaskill to second
Pinch Hitting: RHB Jason Thresher 0-0: Bunted foul
0-1: Bunt missed!
0-2: Foul Ball, location: 2F
0-2: Ball
1-2: Ball
2-2: Fly out, F4 (Popup, 4M, EV 28.1 MPH)
Batting: RHB Dustin Medford 0-0: Called Strike
0-1: Ball
1-1: Ball
2-1: Foul Ball, location: 2F
2-2: Fielders Choice at 2nd, 6-4 (Groundball, 6, EV 109.4 MPH)
Allen McCaskill to third
Batting: RHB Luke Bertrand 0-0: Fly out, F2 (Popup, 2R, EV 88.1 MPH)
Top of the 9th over - 0 runs, 1 hit, 0 errors, 2 left on base; University of Virginia 1 - Oregon State University 2
Sunday, July 16th , 2023 - OOTP Baseball 24.6 Build 69